[Event "CCT Julius Baer-D2-Place 2024"]
[Site "Online"]
[Date "2024.09.26"]
[Round "1.2"]
[White "Robson, Ray"]
[Black "Theodorou, Nikolas"]
[Result "1-0"]
[ECO "E51"]
[WhiteElo "2700"]
[BlackElo "2619"]
[Annotator "TA"]
[PlyCount "75"]
[EventDate "2024.09.25"]
[EventType "swiss"]
[EventCountry "NET"]
[SourceTitle "playchess.com"]
[Source "ChessBase"]
[SourceQuality "1"]
[TimeControl "600+2"]

1. d4 Nf6 2. c4 e6 3. Nc3 Bb4 4. e3 O-O 5. Bd3 d5 6. a3 dxc4 7. Bxc4 Bd6 8. Nf3 Nc6 9. e4 e5 10. d5 {[%emt 0:00:20] White is better. Central control and development advantage. Consider castling kingside. E51: Nimzo-Indisch: Rubinstein: 4...0-0 5 Pf3 d5.} Ne7 {[%emt 0:00:00] OK} 11. O-O {[%emt 0:00:09] OK} Ng6 {[%emt 0:00:01] Onnauwkeurig 11...a6 is geavanceerde techniek.} 12. Re1 {[%emt 0:00:08] White is slightly better, Black needs to defend solidly. Nc3-d2 is a good move. Onnauwkeurig. Wit staat iets beter.} a6 13. h3 h6 14. Be3 {[%emt 0:00:05] White is better. The d5 pawn is strong, and Black's pieces are somewhat passive. White should consider developing with moves like Be3 or Qe2. Onnauwkeurig} Nh5 {[%emt 0:00:10] Onnauwkeurig} 15. Ne2 $146 {[%emt 0:01:13] Fout (0.9)} (15. Nd2 $14 Nhf4 16. Bf1) ({Predecessor:} 15. Bf1 Nhf4 16. Kh2 f5 17. g3 Nh5 18. exf5 Bxf5 19. Nd2 Nf6 20. Nc4 e4 21. Nxd6 Qxd6 {½-½ Willson,O (2155)-Carleton,J (2265) BCF-chT2 1819 (4NCL) Promotion 2018 (9.15)}) 15... f5 $1 $15 {[%emt 0:00:11] Sterk} 16. Ng3 {[%emt 0:00:07] Onnauwkeurig} Nxg3 {[%emt 0:00:35] Black is better. White needs to protect the king and improve piece coordination. Black should consider attacking with ...f4 or ...Nf4. OK} 17. fxg3 {[%emt 0:00:01] White is slightly better. Consider playing Bg5 to challenge Black's pinned knight. Black needs to be cautious about the weak pawns and potential tactics on the kingside.} f4 {[%emt 0:00:00] OK} 18. Bf2 {[%emt 0:00:08] White is slightly better. An aggressive d4 break could open the center and leverage White's space advantage. Black needs to be cautious of weaker pawns. OK} fxg3 {[%emt 0:00:12] OK} 19. Bxg3 {[%emt 0:00:01] Onnauwkeurig} Nf4 {[%emt 0:00:00] White is better, dominating the center and with more active pieces. Black needs to defend carefully. Moving the knight or bishop to contest the center might be advisable. Beste} 20. Rf1 {[%emt 0:00:13] White is better. Central control and active pieces favor White. Black needs to defend actively, and consider moves like ...Bf5. Onnauwkeurig} Bd7 {[%emt 0:00:18] Onnauwkeurig} 21. Qd2 {[%emt 0:00:27] White is better. The bishop pair and active pieces provide more options. Black needs to defend carefully and address the threats against the kingside. Fout (0.9)} (21. Rc1 $15) 21... g5 {[%emt 0:00:32] Fout (0.5)} (21... Qe8 $142 $1 {Sterke dreiging met ...Qg6.} 22. Nh4 Qh5) 22. Be2 {[%emt 0:01:03] [#] White is slightly better. Black needs to defend carefully. Consider strengthening the king's position. Fout (0.7)} (22. Rf2 $142) 22... Qe8 {[%emt 0:00:24] Fout (0.5)} (22... Nxe2+ $142 $1 23. Qxe2 Bb5) 23. Nh2 h5 {[%emt 0:00:22] Black has a significant advantage with active pieces. White's king is somewhat exposed, and Black can create threats with moves like ...Qh5 or ...Nxh3+. Remt Bg4. Fout (0.9)} (23... Qg6 $17 24. Rae1 h5 (24... Qxe4 25. Bg4 $17)) 24. Qd1 {[%emt 0:00:15] Fout (1.0)} (24. Bxf4 $1 $11 {Houdt de partij in balans.} gxf4 25. Kh1) 24... Qg6 {[%emt 0:00:27] Fout (0.6)} (24... Ba4 $17 25. Qd2 Nxe2+ 26. Qxe2 Rxf1+ 27. Nxf1 (27. Rxf1 Bb5 $15) 27... Qg6) 25. Bxf4 {[%emt 0:00:15] White is better. Black's king is vulnerable. Consider capturing on f4 or playing Bxf4. Beste (Gemakkelijk)} gxf4 {[%emt 0:00:00] Fout (0.6)} (25... Rxf4 $15 26. Rxf4 exf4 (26... gxf4 27. Qd3 $15)) 26. Bxh5 $11 {[%emt 0:00:06] Beste (Gemakkelijk)} Qxe4 {[%emt 0:00:00] Dreigt te winnen met ...Rad8. OK} 27. Bg4 {[%emt 0:00:33] White is slightly better; Black's position is cramped. Moving the queen or bishop should be considered to increase pressure. Wit is zwak op de donkere velden. Onnauwkeurig} Bb5 {[%emt 0:00:01] Fout (0.5)} (27... Rad8 {was beter.}) 28. Re1 $1 {[%emt 0:00:17] Sterk} Qg6 {[%emt 0:00:16] Fout (0.7)} ({Zwart zou moeten proberen} 28... Qd4+ $1 $15 29. Qxd4 exd4) 29. Be6+ Kh8 {[%emt 0:00:53] [#] White is better due to the strong bishop on e6 and the pressure against Black's position. Black needs to defend carefully, possibly considering f4 to create counterplay. Fout (0.6)} ({Zwart zou moeten spelen} 29... Kg7 $14) 30. Ng4 {[%emt 0:00:20] [#] Fout (1.0)} ({Wit moet spelen} 30. Nf3 $1 $16) 30... f3 $1 {[%emt 0:00:01] OK} 31. gxf3 {[%emt 0:00:09] White is better. The bishop pair and active pieces give White strong attacking chances. Playing Qb1 or Nh6 could be good moves. Black needs to defend carefully. OK} Rf4 {[%emt 0:00:00] Voorkomt Re4. Hoopt vervolgens op ...Raf8. OK} 32. Kh1 {[%emt 0:01:04][%cal Oa3a4] OK} Raf8 {[%emt 0:01:27][%cal Rf4f3] OK} 33. Nh2 {[%emt 0:00:09] Onnauwkeurig} (33. Rg1 $5 Qh7 (33... Rxf3 34. Nxe5 Qe4 35. Nxf3 $11) 34. Nh2 $17 (34. Rg3 Bd3 $15)) 33... e4 {[%emt 0:00:00] Black is better here. White has weak pawns and Black's pieces are very active. White needs to find counterplay or solidify their position. Fout (0.8)} ({Beter is} 33... Rd4 $15 34. Qc1 Qh7) 34. Qd4+ $1 {[%emt 0:00:10] Sterk} Kh7 {[%emt 0:00:18] Beste} 35. Rxe4 {[%emt 0:00:24] White is clearly better. Black's king is exposed. A potential attacking move is Rg1. OK} Be2 $2 {[%emt 0:00:18][%mdl 8192] Verliest partij (5.5)} (35... Qg3 $16 36. Rxf4 Rxf4) 36. Rg1 $18 {[%emt 0:00:29] Beste. Wit is duidelijk aan het winnen.} Qf6 {[%emt 0:02:26] Onnauwkeurig} 37. Rxf4 {[%emt 0:00:09] White is better. Black's king is exposed and White's pieces are actively placed.} Bxf4 {[%emt 0:00:00] White is winning. Black's position is very weak with insufficient defense against White's threats.} 38. Qe4+ {[%emt 0:00:05] Blunder waarde: Wit=0.25 (precies) /Zwart=0.62.  Verliest partij:   	---       	Zwart=1      Fout:        	Wit=5      	Zwart=9      Onnauwkeurig:    	Wit=7      	Zwart=4      OK:         	Wit=5      	Zwart=8      Beste:        	Wit=3      	Zwart=2      Sterk:        	Wit=2      	Zwart=1} 1-0

[Event "CCT Julius Baer-D2-Place 2024"]
[Site "Online"]
[Date "2024.09.26"]
[Round "1.2"]
[White "Navara, David"]
[Black "Lazavik, Denis"]
[Result "1/2-1/2"]
[ECO "C50"]
[WhiteElo "2681"]
[BlackElo "2578"]
[Annotator "TA"]
[PlyCount "143"]
[EventDate "2024.09.25"]
[EventType "swiss"]
[EventCountry "NET"]
[SourceTitle "playchess.com"]
[Source "ChessBase"]
[SourceQuality "1"]
[TimeControl "600+2"]

1. e4 e5 2. Nf3 Nc6 3. Bc4 Bc5 4. d3 Nf6 5. Nc3 d6 6. Na4 Bb6 {[%emt 0:00:01] C50: Hungarian Defence and Giuoco Pianissimo.} 7. a3 h6 8. h3 O-O 9. O-O Re8 $1 {[%emt 0:00:01][%mdl 4] outshines the older 9...Be6.} 10. b4 a6 11. Nxb6 cxb6 12. Bb3 b5 13. Re1 Be6 14. c4 bxc4 15. dxc4 b5 16. Qd3 bxc4 17. Bxc4 d5 $146 ({Predecessor:} 17... Bxc4 18. Qxc4 Qd7 19. Bb2 Qb7 20. Rac1 Rac8 21. Qd3 Red8 22. Qe2 Ne7 23. Nd2 Ng6 {0-1 So,W (2757)-Lazavik,D (2578) Chess.com SpeedChess blitz 2024 (1.13)}) 18. exd5 Bxd5 19. Bxd5 Qxd5 20. Qxd5 Nxd5 21. Bb2 f6 22. Rac1 Nce7 23. g3 Nb6 24. Nd2 Rec8 25. Kf1 Kf7 26. Ke2 a5 27. Rxc8 Nexc8 28. bxa5 Rxa5 29. Rc1 Ra7 30. Nc4 Nxc4 31. Rxc4 Nd6 32. Rb4 Ke6 33. a4 Kd5 34. Bc1 Rc7 35. Kd1 Nc4 36. Rb5+ Ke4 37. Ke2 Nd6 38. Rb4+ Kd5 39. Kd1 Nc4 40. Bd2 Kc5 41. Bc3 Ra7 42. Kc2 Nb6 43. Kb3 Kc6 44. Bd2 Ra6 45. h4 h5 46. g4 hxg4 47. Rxg4 Ra7 48. h5 Nd5 49. Rc4+ Kd6 50. a5 f5 (50... Ra8 $11) 51. f3 ({White should play} 51. Rc8 $16) 51... f4 52. Bb4+ Ke6 53. Rc5 Rb7 54. Rc4 Kf5 (54... Kd7 $5 55. a6 $8 Ra7 $16) 55. a6 Ra7 56. Rc6 Nxb4 $1 57. Kxb4 e4 58. fxe4+ Kxe4 59. Kb5 f3 60. Kb6 Rf7 (60... f2 $5 61. Rc1 $8 Rf7 $11) 61. a7 Rxa7 62. Kxa7 f2 63. Rc1 Kf3 64. Kb6 Kg2 65. Kc5 f1=Q 66. Rxf1 Kxf1 67. Kd4 Kg2 68. Ke4 Kg3 69. Kf5 Kh4 70. Kg6 Kg4 71. h6 gxh6 72. Kxh6 1/2-1/2

[Event "CCT Julius Baer-D2-Place 2024"]
[Site "Online"]
[Date "2024.09.26"]
[Round "1.2"]
[White "Yakubboev, Nodirbek"]
[Black "Makarian, Rudik"]
[Result "1-0"]
[ECO "A13"]
[WhiteElo "2666"]
[BlackElo "2550"]
[Annotator "TA"]
[PlyCount "103"]
[EventDate "2024.09.25"]
[EventType "swiss"]
[EventCountry "NET"]
[SourceTitle "playchess.com"]
[Source "ChessBase"]
[SourceQuality "1"]
[TimeControl "600+2"]

1. c4 e6 2. g3 d5 3. Bg2 Nf6 4. Nf3 dxc4 5. Qa4+ Bd7 6. Qxc4 c5 7. Ne5 Qc8 8. Qd3 {[%emt 0:00:09] The position is equal.} Be7 9. b3 (9. Nxd7 {simplifies} Nbxd7 10. Qb3 Rb8 11. d3) 9... O-O 10. Nxd7 Nfxd7 11. Bb2 Nc6 12. Nc3 Rd8 13. Rd1 Nb6 14. Qb1 Bf6 15. O-O Qd7 16. Ba3 {[%emt 0:00:15] This pair of bishops is nice.} Be7 17. d3 Rac8 18. Ne4 Nd4 19. e3 Nb5 20. Bb2 Nd5 21. Qa1 Bf8 22. a4 Nd6 23. Nd2 Nb4 24. Qb1 b6 25. h4 h6 26. Nf3 Qe8 27. Ne5 f6 28. Nf3 e5 29. Nd2 Qg6 30. Nc4 Nxc4 31. dxc4 Qxb1 32. Rxb1 h5 33. Bc3 Kf7 34. a5 bxa5 (34... Rc7 $14) 35. Ra1 $1 $16 {[%emt 0:00:04] White now steadily converts the win.} Nc6 36. Bxa5 {[%emt 0:00:05] White is more active.} Nxa5 37. Rxa5 Rc7 38. Rfa1 Rdd7 39. Bd5+ Kg6 40. f3 Kh6 41. Kf2 g6 42. g4 hxg4 43. fxg4 f5 44. gxf5 gxf5 45. Ra6+ Rd6 {[%emt 0:00:05] [#]} 46. Rxd6+ $1 ({Don't play} 46. Rxa7 $6 Rxa7 47. Rxa7 Kg6 $14) 46... Bxd6 $18 {[%emt 0:00:01][%mdl 4096] Endgame. KRB-KRB} 47. Ra6 Rd7 48. Be6 Rd8 49. Bxf5 ({Much less strong is} 49. Rxa7 $6 Kg6 $16) 49... Kh5 50. Kg3 Rg8+ {[%emt 0:00:07] [#]} 51. Kh3 $1 Rf8 $2 (51... Be7 52. Be6 (52. Rxa7 Bxh4 $18) 52... Rg7 53. Rxa7 e4) 52. Bg4+ {[%emt 0:00:01] Weighted Error Value: White=0.03 (flawless) /Black=0.07 (flawless) .  Mistake:       	---       	Black=2      Inaccurate:     	White=1     	Black=1      OK:         	White=27    	Black=20     Best:        	White=2     	Black=2      Strong:       	White=1     	---} 1-0

[Event "CCT Julius Baer-D2-Place 2024"]
[Site "Online"]
[Date "2024.09.26"]
[Round "1.2"]
[White "Bosiocic, Marin"]
[Black "Indjic, Aleksandar"]
[Result "0-1"]
[ECO "A25"]
[WhiteElo "2555"]
[BlackElo "2611"]
[Annotator "TA"]
[PlyCount "94"]
[EventDate "2024.09.25"]
[EventType "swiss"]
[EventCountry "NET"]
[SourceTitle "playchess.com"]
[Source "ChessBase"]
[SourceQuality "1"]
[TimeControl "600+2"]

1. c4 e5 2. g3 Nc6 3. Bg2 Bc5 4. Nc3 a6 5. e3 Ba7 6. Nge2 d6 7. O-O Nf6 8. d3 {[%emt 0:00:03] White has an edge.} Bd7 9. h3 Rb8 10. a3 Qc8 11. Kh2 h5 12. b4 Ne7 13. f4 h4 14. g4 Bxg4 $1 15. fxe5 Bxe2 16. Qxe2 dxe5 17. Rxf6 $2 {[%emt 0:00:08] This move loses the game for White.} gxf6 $19 18. Bb2 Qe6 19. Rf1 c6 {[%emt 0:00:01] Repels Bd5} 20. c5 f5 {[%emt 0:00:02] Against Ne4} 21. e4 f4 22. Bf3 Rd8 23. Bg4 Qh6 24. Na4 (24. Nb1 {keeps fighting.}) 24... Bb8 25. Nb6 Bc7 26. Nc4 f6 27. Kh1 Rg8 28. Bc3 Rg5 29. Rf3 Kf8 30. a4 Kg7 31. Qb2 Qg6 32. Qg2 Kh6 33. Be1 f5 34. exf5 Nxf5 35. Nd2 (35. Bxf5 $142 Rxg2 (35... Qxf5 $2 36. Ne3 $19) (35... Rxf5 $2 36. Qf1 $19) 36. Bxg6 Rxg6 37. Bxh4) 35... Ng3+ 36. Bxg3 hxg3 37. Ne4 Rxg4 38. hxg4 Qxg4 39. Kg1 Rd4 40. Qh1+ Qh5 {[%emt 0:00:04] aiming for ...Qxh1+.} 41. Qg2 (41. Nxg3 $142 Qxh1+ (41... fxg3 $2 {loses.} 42. Rf6+ Kg5 43. Rf5+ Kxf5 44. Qxh5+ Kf4 45. Qf7+ Ke3 46. Qxc7 $18) 42. Nxh1) 41... Rxb4 42. Rf1 {[%emt 0:00:08] Prevents Rb1} Bd8 {[%emt 0:00:40][%cal Od8e7] Hoping for ...Be7!} 43. Qd2 Kg6 44. Qa2 Kg7 {[%emt 0:00:10][%cal Ob4e4] ( -> ...Rxe4!)} 45. Qd2 {[%emt 0:00:18] [#]} Be7 $1 {[%emt 0:00:09] Black mates.} 46. Re1 {[%emt 0:00:11] [#]} (46. Rc1 Rxe4) 46... Rxe4 $1 47. Rxe4 Bxc5+ {[%emt 0:00:01] Weighted Error Value: White=0.69/Black=0.44.  Loses game:     	White=1     	---        Mistake:       	White=2     	---        Inaccurate:     	White=5     	Black=1      OK:         	White=10    	Black=13     Strong:       	---       	Black=1} 0-1

[Event "CCT Julius Baer-D2-Place 2024"]
[Site "Online"]
[Date "2024.09.26"]
[Round "1.2"]
[White "Kobalia, Mikhail"]
[Black "Sargsyan, Shant"]
[Result "0-1"]
[ECO "C54"]
[WhiteElo "2543"]
[BlackElo "2649"]
[Annotator "TA"]
[PlyCount "92"]
[EventDate "2024.09.25"]
[EventType "swiss"]
[EventCountry "NET"]
[SourceTitle "playchess.com"]
[Source "ChessBase"]
[SourceQuality "1"]
[TimeControl "600+2"]

1. e4 e5 2. Nf3 Nc6 3. Bc4 Nf6 4. d3 Bc5 5. O-O O-O 6. c3 d5 7. exd5 Nxd5 8. Re1 Bg4 9. h3 {[%emt 0:00:20] C54: Giuoco Piano: 4 c3 Nf6, main lines with 5 d4 and 5 d3.} Bh5 10. b4 Be7 11. Bb2 Nf4 12. Bc1 Nd5 13. a4 {[%emt 0:01:09] 13.Nbd2 gains popularity.} Bf6 14. Bb2 e4 $146 ({Predecessor:} 14... Ndxb4 15. g4 Bg6 16. g5 Bxg5 17. cxb4 Bh5 18. Bc3 Qd6 19. Na3 Rad8 20. Nc2 Qg6 {0-1 Schneider,K (1975)-Paehtz,T (2361) WchT Seniors 50 2016 (6.4)}) 15. dxe4 Ndxb4 16. Qb3 Bxf3 17. gxf3 (17. cxb4 $11 Nd4 18. Bxd4 Bxd4 (18... Qxd4 19. Ra2 $16) 19. Ra2) 17... Nd3 $17 18. Rd1 {[%emt 0:00:08] [#]} Na5 $1 (18... Nce5 19. Bxd3 Nxf3+ (19... Nxd3 $2 20. Qc2 $18) 20. Kg2 Nh4+ 21. Kf1 $14) 19. Qc2 ({Don't go for} 19. Rxd3 $2 Qxd3 (19... Nxb3 20. Rxd8 Nxa1 21. Rxf8+ Rxf8 22. Bxa1 $16) 20. Bxd3 Nxb3 $19) 19... Nxc4 20. Rxd3 Qc8 21. Kg2 (21. f4 $142) 21... Ne5 $19 22. Rd1 Ng6 23. Bc1 Be5 24. f4 $2 (24. Rh1) 24... Bxf4 $19 25. Bxf4 Nxf4+ 26. Kg3 Nh5+ $2 (26... Qxh3+ 27. Kxf4 f5 28. exf5 Rae8) 27. Kh2 $19 Qe6 (27... Nf4 $2 28. Rd3 Nxd3 29. Qxd3 $19) 28. Qe2 Qe5+ 29. Kh1 Nf4 30. Qf3 Rad8 31. Na3 Ne6 32. Nc4 Qc5 33. Ne3 Qxc3 34. Rdc1 Qe5 35. Rab1 b6 36. Rg1 g6 37. Nd5 (37. Ng4 $142 Qf4 38. Qxf4 Nxf4 39. Rgc1) 37... Nd4 38. Qg2 f5 39. Rbe1 (39. Nc3 $142) 39... fxe4 $19 40. Nc3 Nf3 41. Nxe4 Nxe1 42. Rxe1 Qf4 43. Ng5 Qxf2 44. Qe4 Qf6 45. Qh4 h5 46. Qc4+ Kh8 0-1